 Dungeon Crawl Stone Soup version 0.31-a0-574-g69dc8cc98e (webtiles) character file.

Game seed: 11926533691296951263

31845 heikuro the Cleaver (level 13, -12/106 HPs)
             Began as a Formicid Fighter on Aug 18, 2023.
             Was a High Priest of Makhleb.
             Killed from afar by a fire giant (62 damage)
             ... with a fireball
             ... on level 15 of the Dungeon.
             The game lasted 00:46:08 (14093 turns).

heikuro the Cleaver (Formicid Fighter)             Turns: 14093, Time: 00:46:08

Health: -12/106    AC: 21    Str: 40    XL:     13   Next: 99%
Magic:  19/19      EV:  8    Int:  7    God:    Makhleb [*****.]
Gold:   1076       SH: 15    Dex: 16    Spells: 12/12 levels left

rFire   . . .        a - +3 battleaxe
rCold   . . .        O - +2 kite shield
rNeg    . . .        M - +0 plate armour
rPois   .            (helmet unavailable)
rElec   .            s - +0 cloak
rCorr   .            S - +0 pair of gloves
SInv    +            L - +0 pair of boots
Will    +....        z - amulet of regeneration Stlth
                     T - +6 ring of strength
HPRegen 1.17/turn    G - +6 ring of strength
MPRegen 0.16/turn

%: no passive effects
@: no status effects
A: permanent stasis, dig shafts and tunnels, antennae 3, four strong arms,
iridescent scales 1, agile 1, strong 1
a: Dig, Shaft Self, Renounce Religion, Minor Destruction, Lesser Servant of
Makhleb, Major Destruction, Greater Servant of Makhleb


You were on level 15 of the Dungeon.
You worshipped Makhleb.
Makhleb was extremely pleased with you.
You visited 2 branches of the dungeon, and saw 16 of its levels.
You also visited: Sewer.

You collected 1076 gold pieces.

Inventory:

Hand Weapons
 a - a +3 battleaxe (weapon)
 b - a +2 whip of electrocution
 j - a +4 scimitar of flaming
 A - a +3 scythe of venom
Missiles
 o - 42 poisoned darts (quivered)
 v - 3 throwing nets
Armour
 s - a +0 cloak (worn)
 L - a +0 pair of boots (worn)
 M - a +0 plate armour (worn)
 O - a +2 kite shield (worn)
 S - a +0 pair of gloves (worn)
Jewellery
 z - an amulet of regeneration (around neck)
 B - a ring of ice
 G - a +6 ring of strength (right hand)
 K - a ring of positive energy
 P - a +6 ring of dexterity
 T - a +6 ring of strength (left hand)
Wands
 d - a wand of polymorph (21)
 k - a wand of roots (10)
 x - a wand of charming (25)
 R - a wand of flame (8)
Scrolls
 e - 5 scrolls of poison {unknown}
 f - a scroll of silence {unknown}
 h - 4 scrolls of identify
 i - 5 scrolls of enchant armour {unknown}
 m - 3 scrolls of amnesia {unknown}
 p - a scroll of brand weapon {unknown}
 q - a scroll of vulnerability {unknown}
 t - 3 scrolls of enchant weapon {unknown}
 u - 3 scrolls of acquirement {unknown}
 y - 4 scrolls of noise {unknown}
 C - 4 scrolls of immolation {unknown}
 H - 4 scrolls of revelation {unknown}
 I - a scroll of summoning {unknown}
 J - 2 scrolls of fog {unknown}
 V - a scroll of torment {unknown}
Potions
 c - 2 potions of lignification
 g - 3 potions of cancellation
 l - 5 potions of heal wounds
 n - 3 potions of enlightenment
 r - 5 potions of invisibility
 w - 2 potions of might
 D - a potion of mutation
 E - 3 potions of brilliance
 F - 4 potions of attraction
 N - a potion of curing
 Q - a potion of experience
 U - 14 potions of ambrosia


   Skills:
 + Level 11.2 Fighting
 * Level 13.9 Axes
 + Level 11.3 Armour
 + Level 13.1 Shields
 + Level 9.1 Invocations


You had 12 spell levels left.
You didn't know any spells.
Your spell library contained the following spells:

 Spells                   Type           Power      Damage    Failure   Level
 Scorch                   Fire           0%         2d5       99%         2
 Call Canine Familiar     Summ           0%         N/A       100%        3
 Hailstorm                Conj/Ice       0%         3d3       100%        3
 Inner Flame              Hex/Fire       0%         N/A       100%        3
 Portal Projectile        Hex/Tloc       0%         N/A       100%        3
 Anguish                  Hex/Necr       0%         N/A       100%        4
 Animate Armour           Summ/Erth      0%         N/A       100%        4
 Cause Fear               Hex            0%         N/A       100%        4
 Flame Wave               Conj/Fire      0%         2d4       100%        4
 Leda's Liquefaction      Hex/Erth       0%         N/A       100%        4
 Manifold Assault         Tloc           0%         N/A       100%        4
 Sticky Flame             Conj/Fire      0%         2d3       100%        4
 Summon Ice Beast         Ice/Summ       0%         N/A       100%        4
 Summon Lightning Spire   Summ/Air       0%         N/A       100%        4
 Lee's Rapid Deconstruct  Erth           0%         3d4*      100%        5
 Summon Mana Viper        Hex/Summ       0%         N/A       100%        5
 Simulacrum               Ice/Necr       0%         N/A       100%        6
 Summon Cactus Giant      Summ           0%         N/A       100%        6
 Enfeeble                 Hex            0%         N/A       100%        7
 Monstrous Menagerie      Summ           0%         N/A       100%        7
 Blink                    Tloc           Unusable   N/A       N/A         2

Dungeon Overview and Level Annotations

Branches:
Dungeon (15/15)            Temple (1/1) D:7            Lair (0/5) D:11
    Orc (0/2) D:12         Depths (0/4) D:15          Sewer (visited)
 Vaults: D:13-14

Altars:
Ashenzari
Cheibriados
Dithmenos
Elyvilon
Fedhas
Gozag
Hepliaklqana
Kikubaaqudgha
Makhleb
Nemelex Xobeh
Okawaru
Qazlal
Ru
Sif Muna
Trog
Uskayaw
Vehumet
Wu Jian
Xom
Yredelemnul
Zin
The Shining One

Annotations:
D:11 4 transporters
D:13 exclusion: 3 doors
D:15 Roxanne


Innate Abilities, Weirdness & Mutations

You cannot be hasted, slowed, berserked, paralysed or teleported.
You can dig through walls and to a lower floor.
You have a pair of large antennae on your head. (SInv)
Your four strong arms can wield two-handed weapons with a shield.
You are partially covered in iridescent scales. (AC +2)
You are agile. (Dex +4, Str/Int -1)
Your muscles are strong. (Str +4, Int/Dex -1)


Message History

Press: ? - help, Shift-Dir - straight line, f/p - fire giant
Aim: a fire giant, wielding a +1 great sword of flaming (severely wounded)
The fire giant resists with almost no effort.
Unknown command.
Unknown command.
You extend your mandibles.
Aiming: Minor Destruction (0% risk of failure)
Press: ? - help, Shift-Dir - straight line, f/p - fire giant
Aim: a fire giant, wielding a +1 great sword of flaming (severely wounded)
The fire giant resists with almost no effort.
Unknown command.
Unknown command.
Aiming: Minor Destruction (0% risk of failure)
Press: ? - help, Shift-Dir - straight line, f/p - fire giant
Aim: a fire giant, wielding a +1 great sword of flaming (severely wounded)
The stone arrow hits the fire giant!
The fire giant is almost dead.
Unknown command.
Aiming: Minor Destruction (0% risk of failure)
Press: ? - help, Shift-Dir - straight line, f/p - fire giant
Aim: a fire giant, wielding a +1 great sword of flaming (almost dead)
The puff of flame hits the fire giant.
The fire giant completely resists.
The fire giant is almost dead.
The fire giant casts a spell at you.
The fireball explodes!
The fireball engulfs you!
Aiming: Minor Destruction (0% risk of failure)
Press: ? - help, Shift-Dir - straight line, f/p - fire giant
Aim: a fire giant, wielding a +1 great sword of flaming (almost dead)
The fire giant resists with almost no effort.
Unknown command.
Unknown command.
Aiming: Minor Destruction (0% risk of failure)
Press: ? - help, Shift-Dir - straight line, f/p - fire giant
Aim: a fire giant, wielding a +1 great sword of flaming (almost dead)
The puff of flame hits the fire giant but does no damage.
The fire giant is almost dead.
The fire giant gestures at you while chanting.
The fireball explodes!
The fireball engulfs you!!!
Ouch! That really hurt!
You die...

.#......###.....#..##.#####.#
.#.#............#........#
#.#.####....##.#....###.#
###.##....§...........# #
..#..§≈.§§§.......#.#
..#..≈≈§≈.§≈§≈...###.# ...
..≈#§≈≈.≈#≈...###.# ....
.≈≈≈≈§.≈≈≈≈≈......#
≈...≈≈≈@...#### ..>.C≈#≈...#
≈...≈≈§....# ≈≈.≈§§≈≈.#.#
§§§§≈#§..### §§#≈≈≈≈..# §
§.§...## ..§...## ..####


You could see a fire giant.

Vanquished Creatures
  Josephine (D:12)
  A fire dragon (D:13)
  Harold (D:11)
  3 centaur warriors
  A catoblepas (D:13)
  2 two-headed ogres
  The ghost of bmack86 the Severer, a novice MiFi of Gozag (D:7)
  4 skeletal warriors
  Pikel (D:4)
  2 deep elf pyromancers (D:13)
  2 ugly things (D:12)
  2 manticores
  A cyclops (D:13)
  A gargoyle (D:13)
  2 komodo dragons
  An efreet (D:13)
  3 trolls
  A meliai (D:13)
  A queen bee (D:13)
  A hornet (D:9)
  Grinder (D:5)
  A dream sheep (shapeshifter) (D:13)
  Sigmund (D:4)
  9 slime creatures
  2 centaur simulacra (D:14)
  A wyvern (D:8)
  5 wraiths
  21 yaks
  5 humans
  3 vampire mosquitoes (D:14)
  An acid dragon (D:9)
  A water moccasin (D:7)
  10 orc warriors
  9 ogres
  An ice beast (D:7)
  3 black bears
  2 sky beasts
  15 centaurs
  2 kobold brigands
  4 bullfrogs
  4 gnoll sergeants
  3 scorpions
  11 wights
  26 killer bees
  10 howler monkeys
  4 hounds
  4 quasits (D:7)
  A jelly (D:7)
  2 gnoll boudas
  9 orc priests
  3 sleepcaps
  13 orc wizards
  Natasha (thrice) (D:4)
  2 iguanas
  8 adders
  22 gnolls
  3 river rats (D:4)
  2 ufetubi
  5 worms
  A dart slug (D:3)
  75 orcs
  5 endoplasms
  8 giant cockroaches
  3 goblins
  6 hobgoblins
  5 jackals (D:1)
  33 kobolds
  2 quokkas
  15 ball pythons
  8 bats
  7 frilled lizards
  12 rats
444 creatures vanquished.

Vanquished Creatures (collateral kills)
  A centaur warrior (D:13)
  A skeletal warrior (D:12)
  2 meliai (D:13)
  A slime creature (D:12)
  2 yaks (D:12)
  An ogre (D:9)
  5 killer bees (D:13)
  2 quasits (D:7)
  An orc priest (D:14)
  2 gnolls (D:12)
  3 orcs
  4 kobolds (D:9)
25 creatures vanquished.

Grand Total: 469 creatures vanquished

Notes
Turn   | Place    | Note
-------+----------+-------------------------------------------
     0 | D:1      | heikuro the Formicid Fighter began the quest for the Orb.
     0 | D:1      | Reached XP level 1. HP: 18/18 MP: 1/1
   136 | D:1      | Reached XP level 2. HP: 24/24 MP: 2/2
   307 | D:1      | Reached XP level 3. HP: 28/29 MP: 3/3
   909 | D:2      | Found a faded altar of an unknown god.
  1418 | D:2      | Reached XP level 4. HP: 37/37 MP: 4/4
  2026 | D:4      | Noticed a lemure
  2026 | D:4      | Noticed an ogre
  2070 | D:4      | Killed an ogre
  2071 | D:4      | Reached skill level 5 in Shields
  2071 | D:4      | Reached XP level 5. HP: 24/42 MP: 5/5
  2102 | D:4      | Reached XP level 6. HP: 37/48 MP: 6/6
  2102 | D:4      | Noticed Sigmund
  2113 | D:4      | Killed Sigmund
  2114 | D:4      | Reached XP level 7. HP: 37/55 MP: 7/7
  2119 | D:4      | Noticed Pikel
  2132 | D:4      | Killed Pikel
  2133 | D:4      | Reached skill level 5 in Fighting
  2133 | D:4      | Reached skill level 5 in Axes
  2133 | D:4      | Reached skill level 5 in Armour
  2133 | D:4      | Reached XP level 8. HP: 14/63 MP: 8/8
  2243 | D:4      | Identified the ring of Gluttony {rPois rCorr}
  2368 | D:4      | Noticed Natasha
  2374 | D:4      | Killed Natasha
  2410 | D:4      | Found a glowing drain.
  2420 | Sewer    | Entered a sewer
  2872 | D:4      | Noticed Natasha
  2883 | D:4      | Killed Natasha
  2992 | D:4      | Noticed Natasha
  2997 | D:4      | Killed Natasha
  3072 | D:5      | Entered Level 5 of the Dungeon
  3113 | D:5      | Noticed Grinder
  3127 | D:5      | Killed Grinder
  3146 | D:5      | Reached XP level 9. HP: 34/69 MP: 9/9
  3282 | D:5      | Upgraded the game from 0.31-a0-564-g3b7de120b3 to
                  | 0.31-a0-574-g69dc8cc98e
  3630 | D:5      | Found the +5 robe of Misfortune {Harm *Corrode *Slow EV+5}
  5083 | D:7      | Found a transporter.
  5083 | D:7      | Found a staircase to the Ecumenical Temple.
  5095 | D:7      | Reached XP level 10. HP: 79/79 MP: 10/10
  5098 | Temple   | Entered the Ecumenical Temple
  5159 | Temple   | Became a worshipper of Makhleb the Destroyer
  5407 | D:7      | Reached skill level 1 in Invocations
  5413 | D:7      | HP: 2/79 [yak (14)]
  5500 | D:7      | Found a transporter.
  5524 | D:7      | Reached * piety under Makhleb
  5549 | D:7      | Noticed bmack86's ghost (novice MiFi)
  6819 | D:8      | Reached ** piety under Makhleb
  6887 | D:8      | Gained mutation: Your muscles are strong. (Str +4, Int/Dex
                  | -1) [potion of mutation]
  6887 | D:8      | Gained mutation: You are agile. (Dex +4, Str/Int -1)
                  | [potion of mutation]
  6887 | D:8      | Gained mutation: You are partially covered in iridescent
                  | scales. (AC +2) [potion of mutation]
  7536 | D:8      | Reached XP level 11. HP: 32/86 MP: 13/13
  7541 | D:8      | Reached skill level 10 in Axes
  7606 | D:8      | Reached skill level 10 in Shields
  7625 | D:8      | Reached *** piety under Makhleb
  7924 | D:9      | You fall into a shaft and drop 2 floors!
  7924 | D:11     | Found a transporter.
  7924 | D:11     | Found a transporter.
  8253 | D:12     | Reached skill level 5 in Invocations
  8404 | D:11     | Reached **** piety under Makhleb
  8642 | D:10     | Entered Level 10 of the Dungeon
  9014 | D:9      | Found an iron altar of Okawaru.
  9357 | D:10     | Reached XP level 12. HP: 95/95 MP: 16/16
  9399 | D:10     | Noticed a two-headed ogre
  9409 | D:10     | Killed a two-headed ogre
  9555 | D:10     | Reached ***** piety under Makhleb
 10060 | D:11     | Noticed Harold
 10073 | D:11     | Killed Harold
 10133 | D:11     | Found a staircase to the Lair.
 10201 | D:11     | Noticed a two-headed ogre
 10208 | D:11     | Killed a two-headed ogre
 10541 | D:11     | Found a transporter.
 10545 | D:11     | Found a transporter.
 10632 | D:7      | Killed bmack86's ghost
 10806 | D:12     | Noticed a skeletal warrior
 10806 | D:12     | Noticed a skeletal warrior
 10995 | D:12     | Reached skill level 10 in Armour
 11052 | D:12     | Noticed Josephine
 11057 | D:12     | Reached skill level 10 in Fighting
 11066 | D:12     | Killed Josephine
 11218 | D:13     | Noticed a centaur warrior
 11228 | D:13     | Killed a centaur warrior
 11253 | D:13     | Noticed a fire dragon
 11266 | D:13     | Killed a fire dragon
 11267 | D:13     | Reached XP level 13. HP: 103/103 MP: 18/18
 11349 | D:13     | Noticed a centaur warrior
 11355 | D:13     | Killed a centaur warrior
 11718 | D:13     | Noticed a catoblepas
 11743 | D:13     | Killed a catoblepas
 11767 | D:12     | Found a staircase to the Orcish Mines.
 13314 | D:14     | Noticed a centaur warrior
 13324 | D:14     | Killed a centaur warrior
 13443 | D:14     | Found a bloodstained altar of Trog.
 13814 | D:15     | Entered Level 15 of the Dungeon
 13822 | D:15     | Noticed a centaur warrior
 13837 | D:15     | Killed a centaur warrior
 13880 | D:15     | Noticed Roxanne
 14007 | D:15     | Found a sparkling altar of Nemelex Xobeh.
 14066 | D:15     | Found a staircase to the Depths.
 14066 | D:15     | Noticed a fire giant
 14093 | D:15     | Killed from afar by a fire giant

Illustrated notes

Levels and vault maps discovered:
D:1:      sevenhm_arrival_forest_fort_large_2, layout_basic
D:2:      layout_rooms, shapermc_ecumenical_altar_ellora, minmay_tall_x
D:3:      layout_rooms
D:4:      layout_rooms, portal_sewer_entry_e, uniq_sigmund, uniq_natasha,
          uniq_pikel
D:5:      layout_cave_pools, serial_co_window_serial, co_window_paths_b,
          co_window_of_opportunity_a, co_window_corner_a,
          co_window_of_opportunity_a, co_window_of_opportunity_a,
          co_window_paths_b, co_window_paths_b, co_window_broadway_a,
          co_window_of_opportunity_c, co_window_corner_ca, co_window_cross_2,
          co_window_corner_b, co_window_broadway_c, co_window_of_opportunity_c,
          co_window_4corner_b, uniq_grinder
D:6:      layout_loops_corners, nicolae_kite_square_tiling_tiny,
          grunt_ministairs_9
D:7:      layout_layer_cave, minmay_temple_entry_mini_moons,
          gammafunk_ghost_stat_death, nicolae_hexahallways
D:8:      layout_basic, kennysheep_generic_room_15
D:9:      kennysheep_spiral_hall, layout_cave_pools, marbit_many_paths,
          special_room [special_room_orc], minmay_variable_closet,
          minmay_ruffians
D:10:     layout_loops_ring
D:11:     layout_roguey [special_room_orc], david_lair_shrubbed,
          nicolae_diode_intersection, uniq_harold
D:12:     layout_long_grid, orc_0_dummy, uniq_josephine
D:13:     layout_roguey [special_room_bee], grunt_vaults_entry_tiered
D:14:     layout_basic, bloody_trog
D:15:     grunt_enter_depths_giant_problem, layout_basic,
          nemelex_spade_bored_becter, chequers_serial_rivers_micro_c,
          uniq_roxanne
Temple:   compressed_dpeg_circular_temple

Skill      XL: |  1  2  3  4  5  6  7  8  9 10 11 12 13 |
---------------+----------------------------------------+-----
Axes           | 3 4 5 6 8 9 11 12 13 | 13.9
Fighting       | 4 5 6 7 8 9 10 11 | 11.2
Armour         | 4 5 6 7 8 9 10 11 | 11.3
Shields        | 5 6 7 8 9 10 12 13 | 13.1
Invocations    | 3 5 7 9 |  9.1

Action                     |  1- 3 |  4- 6 |  7- 9 | 10-12 | 13-15 || total
---------------------------+-------+-------+-------+-------+-------++-------
  Melee: War axe           |   126 |     5 |    15 |       |       ||   146
         Whip              |       |    59 |   316 |    15 |       ||   390
         Battleaxe         |       |       |       |   610 |   177 ||   787
  Throw: Dart              |     3 |     5 |     5 |    14 |       ||    27
 Invoke: Lesser Servant of |       |       |       |     3 |     8 ||    11
         Minor Destruction |       |       |       |    19 |    33 ||    52
Ability: Shaft Self        |       |       |       |     1 |       ||     1
         Dig               |       |       |       |     1 |     3 ||     4
    Use: Scroll            |       |     1 |     8 |     5 |     1 ||    15
         Potion            |       |       |     2 |     4 |       ||     6
   Stab: Distracted        |       |       |       |     2 |       ||     2
 Armour: Scale mail        |    70 |    21 |   107 |    27 |       ||   225
         Chain mail        |       |       |       |   126 |       ||   126
         Plate armour      |       |       |       |   264 |    99 ||   363
         Skin              |       |       |       |     3 |       ||     3
  Dodge: Dodged            |    53 |    31 |   117 |   312 |    51 ||   564
  Block: Buckler           |    34 |     9 |    81 |   227 |       ||   351
         Kite shield       |       |       |       |   113 |   157 ||   270

Table legend: (Time is in decaauts)
 A = Elapsed time spent in this place.
 B = Non-inter-level travel time spent in this place.
 C = Inter-level travel time spent in this place.
 D = Time resting spent in this place.
 E = Time spent auto-exploring this place.
 F = Levels seen in this place.
 G = Mean time per level.
                   A        B        C        D        E       F      G
               +--------+--------+--------+--------+--------+-----+--------+
         Total |  14299 |  13195 |   1104 |   1009 |   6886 |  17 |  841.1 |
       Dungeon |  13789 |  12693 |   1096 |    845 |   6886 |  15 |  919.3 |
        Temple |     72 |     64 |      8 |      0 |      0 |   1 |   72.0 |
         Sewer |    436 |    436 |      0 |    164 |      0 |   1 |  436.0 |
               +--------+--------+--------+--------+--------+-----+--------+

Top non-repeatable levels by time:
     D:7: 1538 daAuts
    D:13: 1257 daAuts
    D:11: 1214 daAuts
     D:6: 1086 daAuts
     D:8: 1076 daAuts
    D:12: 1065 daAuts
     D:5: 970 daAuts
     D:9: 914 daAuts
    D:14: 874 daAuts
     D:1: 847 daAuts
    D:10: 799 daAuts
     D:2: 786 daAuts
     D:4: 603 daAuts
     D:3: 475 daAuts
   Sewer: 436 daAuts
